Map: Costas tropicales

Players

MrFercho

  • Race: Terran Terran
  • Spawn Location: 5:00

tigro

  • Race: Terran Terran
  • Spawn Location: 6:00

PapaSmurf

  • Race: Terran Terran
  • Spawn Location: 0:00

soforgoteen

  • Race: Protoss Protoss
  • Spawn Location: 12:00

IA (Élite)

  • Race: Terran Terran
  • Spawn Location: 5:00

GoldDimpling

  • Race: Terran Terran
  • Spawn Location: 11:00

IA (Élite)

  • Race: Zerg Zerg
  • Spawn Location: 6:00

VOD

Have the link to the VOD?

Description

Time

  • Played on: July 6, 2019, 12:22 a.m.
  • Length: 16:57
Show
View Real Time Build Order
Export as new Build Order

MrFercho Terran 

Build Orders:  

Get SALT Encoding   

  12  0:02  SCV  
  13  0:14  SCV  
  14  0:34  SCV  
  15  0:41  Supply Depot  
  15  1:23  Barracks, Refinery  
  15  1:39  SCV  
  16  1:51  SCV  
  17  2:22  Engineering Bay  
  17  2:25  Reaper  
  18  2:56  Marine  
  19  3:02  Refinery  
  19  3:05  SCV  
  20  3:14  Reaper  
  20  3:16  Supply Depot  
  20  3:18  SCV  
  22  3:30  Terran Infantry Weapons Level 1  
  22  3:39  SCV  
  23  3:51  SCV  
  24  4:05  Barracks Tech Lab  
  24  4:08  SCV  
  25  4:14  Supply Depot  
  25  4:20  SCV  
  26  4:32  SCV  
  27  4:52  Factory  
  27  5:25  Terran Infantry Armor Level 1  
  27  5:36  Factory  
  27  5:41  Factory Tech Lab  
  27  5:54  Starport  
  26  6:21  Factory Tech Lab  
  26  6:26  Armory  
  26  6:45  SCV  
  27  6:49  Siege Tank x2  
  33  6:54  Command Center  
  33  6:57  SCV, Starport Tech Lab  
  34  7:10  SCV  
  34  7:15  Fusion Core  
  35  7:21  Cyclone  
  35  7:22  SCV  
  39  7:37  Ghost Academy  
  39  8:06  SCV  
  39  8:08  Refinery  
  39  8:09  Ghost Academy  
  40  8:18  SCV  
  41  8:30  Missile Turret, SCV  
  42  8:34  Refinery  
  42  8:41  Ghost Academy  
  42  8:42  SCV  
  42  8:44  Thor  
  49  8:51  Missile Turret  
  49  8:54  SCV  
  50  9:05  Supply Depot  
  50  9:10  Ghost Academy  
  50  9:13  Planetary Fortress  
  50  9:17  Missile Turret  
  50  9:18  Orbital Command  
  50  9:26  Thor  
  50  9:27  Supply Depot  
  56  9:38  Missile Turret  
  56  9:51  Supply Depot  
  53  10:08  Weapon Refit  
  53  10:11  Terran Infantry Weapons Level 2  
  53  10:14  Supply Depot  
  53  10:17  Viking  
  55  10:26  SCV  
  56  10:38  SCV  
  57  10:47  Viking  
  57  10:48  Personal Cloaking  
  57  10:49  Nuke  
  59  10:50  SCV  
  60  11:00  Ghost  
  62  11:13  Cyclone  
  65  11:45  Ghost  
  67  11:56  Nuke  
  64  12:14  Ghost  
  40  13:15  Ghost  
  13  16:29  SCV  
  14  16:42  SCV  
Show
View Real Time Build Order
Export as new Build Order

tigro Terran 

Build Orders:  

Get SALT Encoding   

  12  0:05  SCV  
  13  0:18  SCV  
  14  0:26  Supply Depot  
  14  0:30  SCV  
  14  0:32  Refinery  
  15  0:47  Refinery  
  15  1:03  Barracks  
  15  1:05  SCV  
  16  1:17  SCV  
  17  1:24  Supply Depot  
  17  1:29  SCV  
  18  1:41  SCV  
  19  1:53  Barracks  
  19  1:56  Reaper  
  20  2:28  Reaper  
  21  2:30  Engineering Bay  
  21  2:43  Barracks Tech Lab  
  21  3:00  Reaper  
  21  3:02  Bunker  
  22  3:07  Marauder  
  22  3:11  Concussive Shells  
  24  3:28  Marauder  
  24  3:32  Reaper  
  27  3:49  Marauder  
  29  4:04  Reaper  
  30  4:26  Supply Depot  
  30  4:29  Terran Infantry Weapons Level 1  
  30  4:36  Reaper  
  31  4:48  Marauder  
  33  5:09  Marauder, Supply Depot  
  35  5:30  Marine  
  36  5:42  Factory  
  36  5:48  Marine  
  37  6:06  Marine  
  38  6:23  Terran Infantry Armor Level 1  
  38  6:24  Marine  
  39  6:31  Armory  
  39  6:32  Command Center  
  39  6:37  Factory Tech Lab  
  39  6:41  Marine  
  40  6:59  Marine  
  41  7:17  Barracks Tech Lab, Marine  
  41  7:20  Combat Shield  
  42  7:28  Infernal Pre-Igniter  
  42  7:35  Marine  
  43  7:56  Missile Turret  
  43  7:59  Planetary Fortress  
  43  8:04  Missile Turret  
  43  8:17  Hi-Sec Auto Tracking  
  43  8:23  Orbital Command  
  43  8:45  Refinery  
  43  8:47  Mag-Field Accelerator  
  43  8:52  Refinery  
  43  9:01  Stimpack  
  43  9:04  SCV  
  44  9:14  Neosteel Armor  
  44  9:16  SCV, Terran Vehicle Weapons Level 1  
  45  9:28  Thor, SCV  
  52  9:40  SCV  
  53  10:13  Supply Depot  
  53  10:27  Drilling Claws  
  53  10:42  Starport  
  53  10:54  Terran Infantry Weapons Level 2  
  53  10:55  SCV  
  53  10:56  Missile Turret  
  54  11:08  SCV  
  54  11:10  Terran Vehicle And Ship Armor Level 1  
  55  11:20  SCV  
  55  11:21  Thor  
  62  11:29  Marine  
  63  11:34  Starport Tech Lab  
  63  11:45  Smart Servos  
  63  11:47  Marine  
  64  11:55  Fusion Core  
  64  12:05  Marine  
  64  12:08  Missile Turret  
  65  12:23  Marine  
  66  12:54  Medivac  
  68  13:04  Terran Ship Weapons Level 1  
  68  13:46  Missile Turret  
  68  14:15  Missile Turret  
Show
View Real Time Build Order
Export as new Build Order

PapaSmurf Terran 

Build Orders: 2 Factory 

Get SALT Encoding   

  12  0:04  SCV  
  13  0:17  SCV  
  14  0:27  Supply Depot  
  14  0:29  SCV  
  15  0:49  SCV  
  16  1:05  Barracks  
  16  1:08  SCV  
  17  1:20  SCV  
  18  1:32  SCV  
  19  1:33  Command Center  
  19  1:42  Refinery  
  19  1:43  Refinery  
  19  1:45  SCV  
  20  1:57  SCV  
  20  2:00  Supply Depot  
  21  2:09  SCV  
  21  2:10  Marine  
  23  2:22  SCV  
  24  2:27  Factory  
  24  2:37  Orbital Command  
  24  2:49  Barracks Tech Lab  
  24  3:03  Command Center  
  24  3:09  Orbital Command  
  24  3:25  Factory  
  24  3:28  Siege Tank  
  27  3:40  SCV  
  27  3:41  Refinery, SCV  
  29  3:52  SCV  
  29  3:53  SCV  
  31  4:05  SCV x2  
  33  4:11  Refinery  
  33  4:15  Factory Tech Lab  
  33  4:17  SCV  
  34  4:18  Starport, SCV  
  34  4:21  Siege Tank  
  39  4:25  Orbital Command  
  39  4:29  SCV  
  39  4:31  SCV  
  40  4:39  Refinery  
  40  4:41  SCV  
  40  4:43  SCV  
  40  4:45  Siege Tank  
  45  4:51  Liberator, Refinery  
  45  4:53  SCV x2  
  45  4:55  SCV  
  48  5:05  SCV x2  
  50  5:08  SCV  
  50  5:11  Starport  
  54  5:15  Siege Tank  
  54  5:17  SCV  
  54  5:18  SCV  
  54  5:20  SCV  
  60  5:34  Supply Depot  
  60  5:36  Supply Depot  
  60  5:38  Supply Depot  
  60  5:39  Supply Depot  
  60  5:56  Siege Tank x2  
  66  5:57  SCV x3  
  66  5:59  Starport Reactor x2  
  69  6:09  SCV x3  
  72  6:21  Liberator  
  72  6:23  Liberator  
  72  6:25  Armory  
  72  6:26  Armory x2  
  72  6:28  Siege Tank  
  72  6:32  Engineering Bay  
  75  6:35  SCV x2  
  83  7:00  Supply Depot  
  83  7:01  Starport  
  83  7:03  Starport  
  83  7:04  Starport  
  83  7:06  Starport  
  83  7:07  Fusion Core  
  83  7:10  Neosteel Armor  
  83  7:22  Supply Depot, Terran Vehicle Weapons Level 1  
  83  7:23  Terran Ship Weapons Level 1  
  83  7:32  Terran Vehicle And Ship Armor Level 1  
  83  7:44  Supply Depot  
  83  7:47  Starport Tech Lab x4  
  83  8:05  SCV x3  
  86  8:09  Supply Depot  
  86  8:17  SCV x3  
  89  8:22  Battlecruiser x2  
  89  8:26  Weapon Refit  
  101  8:29  SCV x2  
  101  8:31  Supply Depot  
  103  8:34  SCV  
  103  8:41  SCV x2  
  105  8:45  Command Center  
  105  8:46  SCV  
  105  8:47  Command Center  
  107  8:53  SCV  
  107  8:55  Supply Depot  
  108  9:05  Starport x3  
  108  9:07  Starport  
  108  9:13  Advanced Ballistics  
  108  9:17  Hi-Sec Auto Tracking  
  108  9:19  Supply Depot  
  108  9:20  Battlecruiser  
  114  9:42  Supply Depot  
  114  9:45  Battlecruiser  
  120  10:03  Starport Tech Lab x2  
  120  10:04  Starport Tech Lab x2  
  120  10:05  Supply Depot  
  120  10:22  Terran Vehicle And Ship Armor Level 2, Terran Vehicle Weapons Level 2, Terran Ship Weapons Level 2  
  120  10:27  Supply Depot  
  120  10:45  Battlecruiser  
  126  10:54  Refinery  
  126  10:56  Battlecruiser  
  132  10:57  Refinery  
  132  11:05  Planetary Fortress  
  132  11:07  Refinery  
  132  11:10  Refinery  
  132  11:19  SCV x2  
  132  11:20  SCV  
  132  11:29  Battlecruiser  
  138  11:34  Planetary Fortress  
  129  12:19  Missile Turret  
  129  12:21  Missile Turret  
  129  12:33  Battlecruiser x4  
  153  12:41  Missile Turret  
  153  13:08  Battlecruiser  
  153  13:09  Battlecruiser  
  165  13:33  SCV  
  165  13:34  SCV x4  
  169  13:39  Battlecruiser x2  
  182  13:41  Marine  
  182  13:44  Hellion x2  
  182  13:46  SCV  
  188  13:49  Infernal Pre-Igniter  
  188  13:50  Smart Servos  
  188  13:57  Terran Vehicle Weapons Level 3  
  188  13:59  Marine  
  189  14:05  Hellion x2  
  193  14:17  Marine  
  194  14:26  Hellion  
  194  14:27  Hellion  
  197  14:34  Marine  
  198  14:38  Viking  
  199  16:25  Missile Turret x2  
Show
View Real Time Build Order
Export as new Build Order

soforgoteen Protoss 

Build Orders: Nexus First, Carriers 

Get SALT Encoding   

  1  0:00  Probe  
  12  0:06  Probe  
  14  0:15  Probe  
  15  0:48  Nexus  
  15  0:57  Pylon  
  15  1:01  Pylon  
  15  1:11  Assimilator  
  15  1:15  Assimilator, Probe  
  16  1:28  Gateway  
  16  1:31  Probe  
  17  1:39  Probe  
  18  1:47  Probe  
  19  1:57  Probe  
  20  2:01  Probe  
  21  2:09  Probe  
  21  2:13  Probe  
  23  2:17  Cybernetics Core  
  23  2:21  Probe  
  24  2:28  Probe  
  25  2:35  Probe  
  25  2:38  Probe  
  25  2:43  Probe  
  27  2:46  Probe  
  29  2:52  Probe  
  29  2:54  Probe  
  29  2:57  Stargate  
  31  3:00  Stargate  
  31  3:03  Protoss Air Weapons Level 1, Probe  
  32  3:06  Probe  
  33  3:15  Probe  
  34  3:22  Pylon  
  34  3:23  Pylon  
  34  3:28  Probe x2  
  36  3:40  Probe  
  36  3:41  Probe  
  38  3:48  Stargate  
  38  3:50  Stargate  
  38  3:54  Pylon  
  38  3:55  Pylon  
  38  3:59  Probe x2  
  40  4:03  Assimilator  
  40  4:08  Assimilator  
  40  4:11  Probe x2  
  42  4:18  Void Ray  
  42  4:23  Probe  
  42  4:24  Probe  
  48  4:38  Void Ray  
  52  4:53  Robotics Facility  
  52  5:01  Void Ray  
  56  5:09  Forge  
  56  5:24  Protoss Air Armor Level 1  
  56  5:45  Nexus  
  56  5:50  Pylon  
  56  5:52  Pylon, Observer  
  57  5:57  Void Ray  
  57  6:00  Fleet Beacon  
  61  6:08  Void Ray  
  65  6:19  Shield Battery  
  65  6:20  Shield Battery  
  65  6:22  Shield Battery  
  65  6:24  Photon Cannon  
  65  6:25  Photon Cannon  
  65  6:29  Void Ray, Photon Cannon  
  65  6:30  Photon Cannon  
  69  6:35  Pylon  
  69  6:36  Void Ray  
  73  6:40  Pylon  
  73  6:50  Void Ray  
  77  6:57  Assimilator  
  77  7:01  Assimilator  
  77  7:04  Shield Battery  
  77  7:05  Photon Cannon  
  77  7:09  Void Ray, Photon Cannon  
  81  7:27  Protoss Air Weapons Level 2  
  81  7:36  Void Ray  
  85  7:40  Probe x3  
  88  8:48  Carrier x3  
  106  8:53  Carrier  
  112  9:00  Probe x3  
  115  9:24  Pylon x2  
  115  9:26  Pylon  
  115  9:27  Pylon  
  115  9:28  Pylon  
  115  9:31  Stargate  
  107  10:05  Photon Cannon x2  
  107  10:06  Photon Cannon  
  107  10:09  Pylon  
  107  10:12  Carrier  
  107  10:13  Carrier x3  
  131  10:31  Protoss Air Armor Level 2  
  137  10:43  Carrier  
  137  10:48  Stargate  
  137  10:50  Nexus  
  137  10:51  Pylon  
  137  10:54  Pylon  
  112  12:09  Protoss Shields Level 1  
  112  12:12  Observer  
  112  12:13  Carrier x4  
  137  12:23  Carrier  
  143  12:33  Observer  
  144  13:17  Carrier  
  150  13:21  Carrier  
  156  13:30  Protoss Air Weapons Level 3  
  156  14:36  Carrier x3  
  156  14:37  Carrier x2  
  186  14:41  Carrier  
Show
View Real Time Build Order
Export as new Build Order

IA (Élite) Terran 

Build Orders:  

Get SALT Encoding   

  12  0:01  SCV  
  13  0:13  SCV  
  14  0:19  Supply Depot  
  14  0:25  SCV  
  15  0:41  SCV  
  16  0:45  Barracks  
  16  0:53  SCV  
  17  1:05  SCV  
  18  1:14  Refinery  
  18  1:16  Supply Depot  
  18  1:17  SCV  
  19  1:29  SCV  
  19  1:31  Marine  
  21  1:47  Command Center  
  21  2:12  Barracks, SCV  
  22  2:16  Marine  
  22  2:19  Factory  
  23  2:25  SCV  
  23  2:29  Supply Depot  
  24  2:35  Marine  
  24  2:37  SCV  
  26  2:49  SCV  
  27  2:53  Marine  
  28  3:00  Orbital Command  
  28  3:01  SCV  
  28  3:04  Factory Tech Lab  
  29  3:08  Refinery  
  29  3:18  Orbital Command  
  29  3:21  Marine  
  29  3:23  Marine  
  31  3:29  SCV  
  32  3:39  Marine  
  32  3:41  Marine, SCV  
  34  3:44  SCV  
  36  3:53  Barracks, SCV  
  37  3:56  Marine, SCV  
  37  3:59  Barracks Tech Lab  
  39  4:05  SCV  
  39  4:06  Supply Depot  
  39  4:08  SCV  
  41  4:15  Barracks Tech Lab  
  41  4:17  Marine, SCV  
  41  4:20  SCV  
  43  4:24  Siege Tank  
  43  4:29  SCV  
  47  4:32  SCV  
  47  4:33  Combat Shield, Marine  
  47  4:35  Marine  
  50  4:40  Marine  
  50  4:41  Supply Depot, Stimpack, SCV  
  50  4:44  SCV  
  53  4:51  Marauder  
  55  4:53  Marine, SCV  
  55  4:54  Engineering Bay  
  55  4:58  SCV  
  58  5:05  SCV  
  59  5:10  SCV  
  59  5:11  Marauder  
  59  5:13  Marauder  
  64  5:15  Supply Depot  
  64  5:18  SCV  
  65  5:22  Terran Infantry Weapons Level 1  
  65  5:23  SCV  
  65  5:25  Engineering Bay  
  66  5:30  Starport, SCV  
  66  5:32  Command Center  
  66  5:33  Marauder, Barracks Reactor  
  69  5:43  SCV  
  69  5:44  Supply Depot  
  69  5:45  SCV  
  69  5:49  Marauder  
  73  5:50  Terran Infantry Armor Level 1  
  73  5:54  Marauder  
  73  5:55  SCV  
  76  6:02  Refinery  
  76  6:06  Medivac  
  76  6:10  Marine  
  79  6:14  Marine  
  79  6:15  Marauder, Missile Turret  
  79  6:17  Missile Turret  
  82  6:21  Supply Depot  
  82  6:25  SCV  
  83  6:26  Marine  
  83  6:28  Marauder  
  83  6:29  Concussive Shells  
  83  6:31  Missile Turret  
  86  6:33  Refinery  
  86  6:38  Barracks  
  86  6:42  Medivac  
  86  6:43  Marauder, Marine  
  86  6:44  SCV x2  
  86  6:45  SCV  
  86  6:46  Supply Depot  
  94  6:50  Marauder  
  96  6:56  SCV  
  96  6:57  SCV x2  
  96  6:59  Refinery  
  99  7:04  Marauder  
  99  7:08  Missile Turret, SCV  
  102  7:09  SCV  
  102  7:10  Missile Turret, SCV  
  102  7:11  Marauder  
  102  7:12  Medivac  
  108  7:16  Supply Depot  
  108  7:18  Marine  
  108  7:19  Marine  
  108  7:20  SCV  
  108  7:21  SCV  
  112  7:23  SCV  
  113  7:32  SCV  
  113  7:33  Missile Turret  
  113  7:35  Orbital Command  
  114  7:37  SCV  
  114  7:38  Marauder  
  114  7:39  Marauder  
  114  7:40  Supply Depot  
  114  7:43  Starport Reactor  
  119  7:44  SCV  
  120  7:57  Armory  
  119  7:58  Refinery, SCV  
  119  8:02  SCV  
  119  8:05  Supply Depot  
  121  8:06  Marine  
  121  8:08  Marine  
  121  8:10  SCV  
  124  8:18  Command Center  
  121  8:26  Viking x2  
  123  8:28  Supply Depot  
  123  8:29  SCV  
  123  8:30  SCV  
  111  8:41  SCV  
  111  8:43  SCV  
  111  8:46  Terran Infantry Weapons Level 2  
  113  8:53  Marauder, Supply Depot, SCV  
  113  8:55  SCV  
  117  8:56  Viking x2  
  123  9:10  Marauder  
  123  9:15  Marauder  
  125  9:17  Supply Depot  
  125  9:26  Viking x2  
  125  9:28  Missile Turret  
  131  9:31  Marauder  
  131  9:43  Marauder  
  131  9:47  Marine x2  
  131  9:49  Marine  
  114  9:52  Marauder  
  114  9:56  Viking x2  
  103  10:03  Siege Tank  
  103  10:04  Marauder  
  103  10:05  Marine x2  
  103  10:06  Marine  
  111  10:11  Command Center  
  111  10:14  Marauder  
  113  10:22  Marine  
  113  10:23  Marine  
  113  10:25  Marine  
  113  10:26  Marauder, Medivac, Viking  
  122  10:35  Marauder, Siege Tank  
  127  10:40  Marine  
  128  10:45  Marine  
  128  10:46  Marine  
  128  10:47  Marauder  
  132  10:50  Supply Depot  
  132  10:56  Viking x2  
  132  10:57  Marauder  
  138  10:58  Marine  
  139  11:06  Marine  
  139  11:07  Siege Tank  
  139  11:09  Marauder  
  145  11:14  Orbital Command  
  145  11:15  Marine  
  145  11:16  Marine  
  145  11:17  Supply Depot  
  145  11:18  Marauder  
  148  11:23  SCV  
  148  11:24  Marine  
  140  11:26  Viking, Medivac  
  140  11:30  Marauder  
  138  11:34  SCV  
  138  11:35  Marine  
  138  11:39  Marauder, Siege Tank  
  142  11:42  SCV  
  141  11:51  Marauder  
  122  11:54  Missile Turret  
  122  11:56  Viking x2, Marine  
  122  11:57  Marine x2  
  122  12:01  Marauder, Missile Turret  
  110  12:04  SCV  
  110  12:05  Supply Depot  
  110  12:08  SCV  
  98  12:11  SCV  
  98  12:13  Marauder  
  98  12:14  Marine  
  98  12:15  Marine x2  
  86  12:16  Siege Tank, SCV  
  86  12:22  Marine  
  91  12:26  SCV  
  91  12:27  SCV  
  91  12:29  SCV  
  92  12:32  Marine  
  92  12:33  Marine x2  
  92  12:34  Marauder  
  93  12:38  SCV  
  93  12:41  Starport, SCV  
  81  12:45  Supply Depot  
  81  12:50  Marine, SCV  
  81  12:51  Marine  
  82  12:57  SCV  
  82  12:58  SCV  
  78  13:02  SCV  
  78  13:03  Factory  
  79  13:09  SCV  
  79  13:10  SCV  
  75  13:13  Supply Depot  
  75  13:15  Supply Depot  
  75  13:18  Starport Tech Lab  
  72  13:28  Barracks  
  72  13:34  Barracks  
  72  13:38  Command Center  
  72  13:40  Refinery  
  72  13:46  Refinery  
  72  13:48  Command Center, Engineering Bay  
  72  13:50  Supply Depot  
  72  13:54  Supply Depot  
  67  14:01  SCV x2  
  55  14:11  Viking, Command Center  
  55  14:13  SCV x2  
  55  14:15  Barracks Tech Lab, Factory Tech Lab  
  59  14:20  Missile Turret  
  59  14:21  Marine  
  59  14:23  Supply Depot  
  60  14:25  SCV x2  
  60  14:33  Marine  
  60  14:37  SCV x2, Siege Tank  
  62  14:39  Barracks Reactor  
  62  14:41  Viking  
  62  14:47  Supply Depot  
  62  14:49  SCV x2  
  62  14:51  Marauder  
  64  15:01  SCV x2  
  64  15:04  SCV  
  67  15:09  Siege Tank  
  67  15:13  Marauder, SCV  
  72  15:14  SCV  
  72  15:15  Marine  
  72  15:16  Marine, SCV  
  72  15:25  SCV  
  72  15:27  SCV  
  60  15:28  SCV  
  60  15:31  SCV  
  60  15:33  Marine x2  
  60  15:34  Marine  
  60  15:38  SCV  
  60  15:40  SCV  
  57  15:43  SCV  
  57  15:44  SCV  
  50  15:52  SCV  
  45  16:06  Factory  
  45  16:10  Barracks  
  23  16:44  Supply Depot  
Show
View Real Time Build Order
Export as new Build Order

GoldDimpling Terran 

Build Orders:  

Get SALT Encoding   

  12  0:02  SCV  
  13  0:15  SCV  
  14  0:22  Supply Depot  
  14  0:32  Refinery  
  14  0:36  SCV  
  15  0:48  SCV  
  16  0:50  Supply Depot  
  16  0:55  Engineering Bay  
  16  1:00  SCV  
  17  1:09  Refinery  
  17  1:13  SCV  
  18  1:30  Barracks  
  18  1:42  SCV  
  19  1:59  Barracks  
  19  2:02  SCV  
  20  2:13  Supply Depot  
  20  2:14  SCV  
  21  2:19  Marine  
  22  2:32  Bunker  
  22  2:37  Marine  
  23  2:46  Orbital Command  
  23  2:55  Marine  
  23  2:58  Barracks Tech Lab  
  24  3:14  Terran Infantry Weapons Level 1  
  24  3:24  Barracks Tech Lab  
  24  3:27  Marauder  
  26  3:48  Marauder  
  28  3:49  Marauder  
  30  3:59  SCV  
  31  4:07  Supply Depot  
  31  4:09  Marauder  
  33  4:11  Marauder  
  35  4:32  Marauder  
  36  4:43  Marauder  
  38  4:51  Command Center  
  38  4:53  Marine  
  39  5:04  Marauder  
  41  5:47  Marine  
  44  5:50  Marauder  
  44  6:03  Supply Depot  
  44  6:05  Marine  
  47  6:11  Marauder  
  47  6:18  Combat Shield  
  47  6:21  Terran Infantry Armor Level 1  
  47  6:23  Marine  
  47  6:25  SCV  
  49  6:31  Refinery  
  51  6:32  Marauder  
  51  6:34  Supply Depot  
  51  6:35  SCV  
  51  6:37  SCV  
  53  6:41  Marine  
  54  6:49  SCV  
  54  6:54  Marauder  
  57  6:58  Factory  
  57  6:59  Marine  
  57  7:01  SCV  
  59  7:08  Supply Depot  
  59  7:09  SCV  
  59  7:13  SCV  
  61  7:18  Concussive Shells  
  61  7:21  SCV  
  62  7:25  SCV  
  63  7:33  Supply Depot  
  63  7:37  SCV  
  63  7:41  Marauder  
  63  7:42  Marine  
  67  7:49  SCV  
  68  7:54  Refinery  
  68  7:59  Marine  
  68  8:01  SCV  
  68  8:02  Marauder  
  72  8:11  SCV  
  73  8:13  SCV  
  73  8:17  Marine  
  75  8:23  Factory Tech Lab  
  75  8:24  Marauder  
  75  8:26  SCV  
  78  8:34  Starport  
  78  8:35  Marine  
  79  8:42  Supply Depot  
  79  8:45  Neosteel Armor  
  79  8:48  Marauder  
  81  8:53  Marine  
  81  8:54  Cyclone  
  85  9:02  SCV  
  86  9:09  Marauder  
  88  9:14  SCV  
  89  9:18  Marine  
  90  9:25  Supply Depot  
  90  9:26  Cyclone  
  90  9:31  Marauder, Orbital Command  
  95  9:36  Marine  
  96  9:58  Cyclone  
  97  10:16  Marauder  
  97  10:17  Marine  
  100  10:23  Supply Depot  
  100  10:30  Cyclone  
  103  10:36  Factory  
  103  10:37  Marine  
  103  10:39  Marauder  
  106  10:55  Marine  
  107  11:01  Marauder  
  107  11:03  Cyclone  
  112  11:04  Supply Depot  
  112  11:16  Armory  
  112  11:35  Cyclone  
  112  11:37  Medivac  
  117  11:47  Starport  
  117  11:50  Factory Tech Lab  
  117  12:07  Medivac, Cyclone  
  122  12:10  Marine  
  122  12:12  Marauder  
  125  12:17  Supply Depot  
  125  12:22  Supply Depot  
  125  12:27  Marine  
  126  12:39  Marauder, Medivac  
  126  12:41  Command Center  
  130  12:53  Terran Ship Weapons Level 1  
  130  13:00  Medivac  
  130  13:04  Marine  
  133  13:06  Marauder  
  133  13:08  Cyclone  
  133  13:09  Medivac  
  140  13:15  Supply Depot  
  140  13:19  Supply Depot  
  140  13:21  Marine  
  141  13:37  Marauder  
  141  13:40  Cyclone  
Show
View Real Time Build Order
Export as new Build Order

IA (Élite) Zerg 

Build Orders: Pool First 

Get SALT Encoding   

  12  0:01  Drone  
  13  0:12  Overlord  
  13  0:18  Drone  
  14  0:31  Drone x2  
  16  0:42  Spawning Pool  
  15  0:45  Drone  
  15  0:49  Drone  
  17  1:15  Hatchery, Drone  
  17  1:17  Extractor  
  16  1:19  Extractor  
  16  1:21  Drone  
  16  1:25  Drone  
  16  1:30  Drone  
  18  1:38  Drone  
  19  1:49  Overlord  
  19  1:57  Queen  
  21  2:03  Zergling x2  
  22  2:11  Drone  
  23  2:27  Queen  
  23  2:29  Drone  
  26  2:35  Drone  
  27  2:42  Drone  
  28  2:45  Drone  
  29  3:00  Roach Warren  
  29  3:01  Drone  
  29  3:04  Drone  
  30  3:07  Zergling x2  
  30  3:10  Zergling x2  
  32  3:17  Overlord  
  32  3:21  Drone  
  32  3:23  Drone  
  34  3:40  Roach x2  
  38  3:42  Roach x2  
  38  3:47  Lair  
  42  3:52  Overlord  
  42  3:57  Overlord  
  42  4:01  Zergling x2  
  43  4:03  Zergling x2  
  44  4:10  Zergling x2, Drone  
  44  4:11  Drone  
  44  4:13  Drone  
  44  4:15  Drone  
  49  4:18  Drone  
  49  4:23  Overlord  
  50  4:27  Roach  
  50  4:31  Roach  
  54  4:34  Roach  
  54  4:37  Roach  
  58  4:40  Overlord  
  58  4:47  Hydralisk Den, Drone  
  58  4:50  Drone  
  58  4:51  Drone  
  60  4:54  Roach  
  60  4:58  Roach  
  64  5:02  Overlord  
  64  5:08  Drone  
  64  5:11  Drone  
  64  5:13  Drone  
  67  5:14  Drone  
  67  5:17  Hydralisk, Drone  
  67  5:20  Hydralisk  
  73  5:22  Drone  
  73  5:25  Drone  
  75  5:28  Overlord  
  75  5:30  Drone  
  75  5:32  Drone  
  75  5:34  Drone  
  78  5:36  Drone  
  78  5:38  Drone  
  78  5:40  Drone  
  81  5:45  Infestation Pit  
  81  5:48  Drone  
  80  5:51  Overlord  
  80  6:02  Ravager  
  80  6:03  Ravager, Evolution Chamber  
  81  6:04  Drone  
  81  6:07  Roach  
  81  6:10  Roach  
  86  6:14  Hydralisk, Evolution Chamber  
  86  6:17  Hatchery  
  86  6:23  Infestor  
  89  6:25  Drone  
  89  6:28  Overlord  
  89  6:30  Zerg Missile Weapons Level 1  
  89  6:31  Infestor  
  91  6:34  Hydralisk  
  91  6:39  Zerg Ground Armor Level 1  
  93  6:44  Extractor  
  93  6:45  Extractor  
  93  6:46  Drone  
  92  7:04  Spine Crawler  
  92  7:05  Drone  
  92  7:06  Drone x2  
  92  7:07  Overlord, Drone x3  
  92  7:08  Drone x2, Spine Crawler  
  98  7:15  Infestor  
  100  7:21  Overseer  
  100  7:29  Infestor  
  100  7:30  Drone x2  
  100  7:31  Overlord, Roach, Drone x2  
  100  7:32  Drone x2  
  100  7:33  Drone  
  100  7:36  Drone  
  112  7:40  Drone  
  112  7:42  Drone  
  114  7:47  Drone  
  114  7:48  Extractor  
  114  7:53  Overlord, Spire  
  114  7:55  Drone  
  114  7:56  Drone  
  114  7:58  Drone  
  116  7:59  Drone  
  116  8:00  Drone  
  116  8:01  Drone  
  116  8:02  Drone  
  116  8:04  Drone  
  116  8:05  Drone  
  122  8:10  Drone  
  122  8:12  Overlord  
  123  8:15  Drone  
  123  8:17  Spore Crawler  
  125  8:20  Drone, Roach  
  125  8:21  Drone  
  125  8:22  Drone, Spore Crawler  
  125  8:23  Drone  
  128  8:32  Hatchery  
  127  8:43  Overlord  
  127  8:45  Drone  
  127  8:47  Roach  
  130  8:51  Zerg Missile Weapons Level 2  
  130  9:02  Overlord  
  130  9:05  Mutalisk x2  
  130  9:06  Mutalisk  
  136  9:12  Mutalisk  
  138  9:20  Overlord  
  138  9:21  Mutalisk  
  140  9:32  Mutalisk  
  140  9:34  Extractor  
  137  9:39  Hydralisk  
  137  9:42  Zergling x2, Hydralisk  
  137  9:43  Zergling x4  
  116  9:46  Roach  
  116  9:49  Roach  
  116  9:50  Zergling x2  
  116  9:51  Zergling x4, Roach  
  119  9:55  Zergling x8  
  119  9:56  Roach  
  119  9:57  Roach  
  119  9:59  Roach  
  114  10:03  Overseer  
  114  10:13  Infestor  
  116  10:15  Roach  
  116  10:16  Roach  
  116  10:18  Roach  
  116  10:19  Roach  
  124  10:28  Infestor  
  124  10:30  Evolution Chamber  
  124  10:34  Baneling Nest  
  124  10:39  Mutalisk  
  126  10:45  Mutalisk  
  128  10:51  Mutalisk  
  130  10:58  Mutalisk  
  132  11:04  Mutalisk  
  132  11:10  Mutalisk  
  136  11:16  Mutalisk  
  136  11:18  Baneling, Zergling x2  
  139  11:19  Baneling  
  139  11:22  Baneling x2, Zergling x2  
  139  11:23  Baneling  
  139  11:24  Zergling x2  
  139  11:25  Baneling  
  141  11:26  Baneling  
  141  11:27  Zergling x2  
  141  11:28  Baneling  
  141  11:29  Baneling  
  141  11:30  Zergling x2, Overlord  
  141  11:31  Baneling  
  143  11:33  Zergling x2, Baneling  
  143  11:34  Baneling  
  143  11:39  Corruptor  
  144  11:45  Corruptor  
  148  11:51  Corruptor  
  148  11:52  Overlord  
  150  11:56  Zergling x2  
  150  11:58  Roach  
  150  12:00  Zergling x2  
  150  12:01  Zergling x2, Roach  
  142  12:02  Zergling x2, Queen  
  142  12:03  Hydralisk  
  142  12:04  Zergling x4  
  142  12:05  Zergling x2, Spine Crawler  
  142  12:07  Zergling x2, Hydralisk, Roach x2  
  142  12:08  Roach x2, Spine Crawler  
  125  12:13  Hydralisk  
  127  12:16  Hydralisk  
  127  12:19  Zergling x2  
  126  12:25  Zergling x2  
  126  12:28  Zergling x2  
  126  12:29  Zergling x2  
  124  12:39  Hive  
  124  12:49  Baneling  
  114  12:55  Overseer  
  114  12:56  Zergling x2  
  102  12:59  Zergling x2, Roach  
  102  13:00  Zergling x2, Hydralisk  
  102  13:01  Zergling x2  
  102  13:02  Zergling x4  
  102  13:03  Zergling x2  
  102  13:04  Zergling x2, Roach  
  91  13:06  Roach x2  
  91  13:08  Hatchery  
  91  13:09  Baneling x2, Hydralisk  
  91  13:10  Baneling, Zergling x2  
  91  13:12  Hydralisk  
  99  13:15  Hydralisk  
  99  13:17  Baneling  
  99  13:18  Zergling x2  
  99  13:19  Baneling  
  102  13:20  Baneling  
  102  13:21  Zergling x2  
  102  13:26  Roach  
  104  13:27  Baneling  
  104  13:28  Roach  
  104  13:29  Roach  
  104  13:32  Zergling x2  
  109  13:35  Baneling x2  
  109  13:36  Zergling x2, Roach  
  109  13:40  Infestor  
  112  13:49  Infestor  
  112  13:51  Roach  
  112  13:53  Roach  
  112  13:54  Hydralisk x2  
  116  13:56  Baneling x2, Mutalisk, Zergling x2  
  116  14:01  Ultralisk Cavern  
  117  14:02  Mutalisk  
  117  14:05  Overlord, Hydralisk  
  117  14:06  Zergling x2  
  117  14:08  Roach  
  113  14:12  Overlord x3  
  113  14:13  Overseer  
  113  14:14  Baneling, Overlord  
  113  14:16  Baneling  
  90  14:26  Hatchery  
  90  14:29  Hydralisk x2  
  90  14:30  Drone x2  
  90  14:31  Drone x3  
  74  14:32  Roach, Drone  
  74  14:35  Extractor  
  74  14:36  Overlord  
  48  14:50  Overlord  
  47  14:55  Overlord  
  47  14:59  Overlord  
  47  15:04  Overlord  
  47  15:13  Spawning Pool  
  22  16:06  Overlord  
Tags
 
Add a new tag
Caveats
  • Supply blocks, unpowered buildings, or Contaminate may cause inaccurate times.
  • Supply counts are checked every 10 seconds.